 Dungeon Crawl Stone Soup version 0.28-a0-1510-gd0f6b136d3 (webtiles) character file.

Game seed: 5591257069028883062

14 spiderkeys the Skirmisher (level 2, -2/16 HPs)
             Began as a Vine Stalker Abyssal Knight on Jan 15, 2022.
             Was a Follower of Lugonu.
             Slain by a kobold (3 damage)
             ... on level 1 of the Dungeon.
             The game lasted 00:00:47 (523 turns).

spiderkeys the Skirmisher (VSAK)                     Turns: 523, Time: 00:00:48

Health: -2/16      AC:  3    Str: 15    XL:     2   Next: 45%
Magic:  0/4        EV: 11    Int: 10    God:    Lugonu [*.....]
Gold:   8          SH:  0    Dex: 14    Spells: 1/1 levels left

rFire   . . .      SeeInvis .   a - +1 short sword
rCold   . . .      Faith    .   (no shield)
rNeg    . . .      Spirit   +   b - +0 leather armour
rPois   .          Reflect  .   (no helmet)
rElec   .          Harm     .   (no cloak)
rCorr   .          Rampage  .   (no gloves)
Will    .....                   (no boots)
Stlth   +.........              (no amulet)
HPRegen 0.05/turn               (no ring)
MPRegen 0.09/turn               (no ring)

@: lethally poisoned (-2 -> -15)
A: fangs 2, magic shield, antimagic bite, no potion heal 2
a: Renounce Religion, Depart the Abyss


You were on level 1 of the Dungeon.
You worshipped Lugonu.
Lugonu was aware of your devotion.
You visited 1 branch of the dungeon, and saw 1 of its levels.
You visited the Abyss 1 time.

You collected 8 gold pieces.


Innate Abilities, Weirdness & Mutations

You have extremely sharp teeth.
When hurt, damage is shared between your health and your magic reserves.
Your bite disrupts and absorbs the magic of your enemies.
Potions cannot restore your health.


   Skills:
 + Level 2.8 Fighting
 + Level 2.0 Short Blades
 - Level 1.5 Armour
 + Level 1.1 Dodging
 + Level 1.1 Stealth
 - Level 1.7 Invocations


You had one spell level left.
You didn't know any spells.
Your spell library contained the following spells:

 Spells                   Type           Power      Damage    Failure   Level
 Static Discharge         Conj/Air       0%         N/A       56%         2
 Lightning Bolt           Conj/Air       0%         1d11      100%        5
 Maxwell's Capacitive Co  Air            0%         ∞         100%        8

Inventory:

Hand Weapons
 a - a +1 short sword (weapon)
Missiles
 c - 3 stones
Armour
 b - a +0 leather armour (worn)

Dungeon Overview and Level Annotations

Branches:
Dungeon (1/15)

Altars:

....#..†..#.#.#.#.#
.##.......#...#.#.#
#####.........#.#.# #
####.##...#.#.# ##
#.##...#.#.# ...
#.##...#.#.# ....
#.##.....#.#.....
#######..†.............
#...........>..@K......
#.............rBl......
#................#.....
#......................
#......................
#......................
##......######.........
#......# #........
#......#


You could see a quokka, a giant cockroach, a kobold and a frilled lizard.


Message History

You kill the hobgoblin!
Lugonu accepts your kill.
You completely miss the rat. You bite the rat.
You kill the rat!
Lugonu accepts your kill.
Your Stealth skill increases to level 1!
No target in view!
No target in view!
No target in view!
Things that are here:
a rat corpse; a frilled lizard corpse; 😎 HP[+2] MP[+2]
Your hp is fully restored (16).
Your mp is fully restored (4).
Things that are here:
a +0 ring mail; a hobgoblin corpse
Found a stone staircase leading down.
A ball python comes into view.
A ball python is nearby!
An endoplasm and a bat come into view.
The ball python hisses angrily.
You hit the ball python.
You kill the ball python!
Lugonu accepts your kill.
The endoplasm quivers.
You closely miss the bat. The bat hits you. 😕 HP[-1]
You take 1 damage, and now have 15/16 hp.
The bat closely misses you. The bat hits you but does no damage.
You see here 6 gold pieces.
You closely miss the bat. Your bite misses the bat. The bat misses you.
The bat hits you but does no damage. The endoplasm closely misses you.
You barely miss the endoplasm. You bite the endoplasm. You drain its power.
The bat hits you but does no damage. The endoplasm barely misses you.
You hit the endoplasm.
You kill the endoplasm!
Lugonu accepts your kill. The bat hits you but does no damage.
The bat hits you but does no damage.
You see here 6 gold pieces.
You hit the bat.
You kill the bat!
Lugonu accepts your kill. 😎 HP[+1]
Your hp is fully restored (16).
No target in view!
No target in view!
No target in view!
You now have 8 gold pieces (gained 6).
You pick up a book of Lightning and begin reading...
You add the spells Static Discharge, Lightning Bolt and Maxwell's Capacitive Coupling to your library.
You see here a ball python corpse.
A kobold comes into view. It is wielding a +0 dagger.
A kobold is nearby!
A kobold and a frilled lizard come into view.
The kobold is wielding a +0 short sword of venom.
A giant cockroach comes into view.
The kobold shouts!
You catch the helpless kobold completely off-guard!
You puncture the kobold!
You kill the kobold!
Lugonu accepts your kill.
The giant cockroach bites you but does no damage.
The frilled lizard hisses angrily.
You hit the giant cockroach but do no damage.
Your bite misses the giant cockroach. The giant cockroach misses you.
You hit the giant cockroach but do no damage.
The giant cockroach barely misses you. The kobold hits you but does no damage.
You hit the giant cockroach. Your bite misses the giant cockroach.
The giant cockroach barely misses you.
A quokka comes into view.
The kobold hits you with a +0 short sword of venom.
You are poisoned. 😕 HP[-2] MP[-1]
You take 2 damage, and now have 14/16 hp.
You lost 1 mp, and now have 3/4 mp.
You barely miss the giant cockroach.
You feel very sick.
The quokka twitches its whiskers.
The giant cockroach bites you but does no damage.
The frilled lizard bites you.
The giant cockroach bites you but does no damage.
The kobold hits you with a +0 short sword of venom.
You are lethally poisoned! 😮 HP[-5]
You take 5 damage, and now have 9/16 hp.
MASSIVE DAMAGE!! (PAUSE)
You closely miss the kobold. You bite the kobold, but do no damage.
* * * LOW HITPOINT WARNING * * *
You feel very sick.
The frilled lizard bites you but does no damage.
The giant cockroach closely misses you. The kobold closely misses you. 😨 HP[-4]
You take 4 damage, and now have 5/16 hp.
MASSIVE DAMAGE!! (PAUSE)
You hit the kobold but do no damage.
* * * LOW HITPOINT WARNING * * *
You feel very sick. The frilled lizard closely misses you.
The giant cockroach bites you.
The kobold hits you with a +0 short sword of venom.
You die...

Skill      XL: |  1  2 |
---------------+-------+-----
Dodging        | 1 |  1.1
Short Blades   | 2 |  2.0
Stealth        | 1 |  1.1
Fighting       | |  2.8
Armour         | |  1.5
Invocations    | |  1.7

Action                   || total
-------------------------++-------
Melee: Short sword       ||    40
       Bite              ||    10
 Stab: Distracted        ||     1
Armor: Leather armour    ||    15
Dodge: Dodged            ||    25

Levels and vault maps discovered:
D:1:      elethiomel_arrival_diamonds, layout_basic,
          shapermc_ecumenical_altar_acropolis

Notes
Turn   | Place    | Note
-------+----------+-------------------------------------------
     0 | Abyss:1  | spiderkeys the Vine Stalker Abyssal Knight began the quest
                  | for the Orb.
     0 | Abyss:1  | Reached XP level 1. HP: 11/11 MP: 3/3
     0 | Abyss:1  | magus.rc [v1.9.10]
     8 | D:1      | You pass through the gate.
     8 | D:1      | Escaped the Abyss
   247 | D:1      | Reached skill level 1 in Dodging
   444 | D:1      | Reached skill level 2 in Short Blades
   444 | D:1      | Reached XP level 2. HP: 14/16 MP: 2/4
   450 | D:1      | Reached skill level 1 in Stealth
   507 | D:1      | You pick up a book of Lightning and begin reading...
   507 | D:1      | You add the spells Static Discharge, Lightning Bolt and
                  | Maxwell's Capacitive Coupling to your library.
   523 | D:1      | HP: 1/16 [poisoned by a kobold]
   523 | D:1      | Slain by a kobold

Vanquished Creatures
  2 ball pythons (D:1)
  An endoplasm (D:1)
  A goblin (D:1)
  A hobgoblin (D:1)
  2 bats (D:1)
  A frilled lizard (D:1)
  2 kobolds (D:1)
  5 rats (D:1)
15 creatures vanquished.

Table legend:
 A = Non-vault XP
 B = Vault XP
 C = Vault XP percentage of total XP
 D = Non-vault monster count
 E = Vault monster count
 F = Vault count percentage of total count
                 A         B        C        D         E       F
            +---------+---------+-------+---------+---------+-------
      Total |      13 |       8 |  38.1 |       8 |       7 |  46.7
            +---------+---------+-------+---------+---------+-------
        D:1 |      13 |       8 |  38.1 |       8 |       7 |  46.7
            +---------+---------+-------+---------+---------+-------

Illustrated notes

Table legend:
 A = Kills in this place as a percentage of kills in entire the game.
 B = Kills by you in this place as a percentage of kills by you in the entire game.
 C = Kills by friends in this place as a percentage of kills by friends in the entire game.
 D = Other kills in this place as a percentage of other kills in the entire game.
 E = Experience gained in this place as a percentage of experience gained in the entire game.
 F = Experience gained in this place divided by the number of levels of this place that you have seen.
                   A       B       C       D       E      F
               +-------+-------+-------+-------+-------+----------------------
         Total | 100.0 | 100.0 |   N/A |   N/A | 100.0 |  10.5
       Dungeon | 100.0 | 100.0 |   N/A |   N/A | 100.0 |  21.0
               +-------+-------+-------+-------+-------+----------------------

Table legend: (Time is in decaauts)
 A = Elapsed time spent in this place.
 B = Non-inter-level travel time spent in this place.
 C = Inter-level travel time spent in this place.
 D = Time resting spent in this place.
 E = Time spent auto-exploring this place.
 F = Levels seen in this place.
 G = Mean time per level.
                   A        B        C        D        E       F      G
               +--------+--------+--------+--------+--------+-----+--------+
         Total |    522 |    522 |      0 |      0 |    431 |   2 |  261.0 |
       Dungeon |    514 |    514 |      0 |      0 |    430 |   1 |  514.0 |
         Abyss |      8 |      8 |      0 |      0 |      1 |   1 |    8.0 |
               +--------+--------+--------+--------+--------+-----+--------+

Top non-repeatable levels by time:
     D:1: 514 daAuts
 Abyss:1: 8 daAuts
